 Dungeon Crawl Stone Soup version 0.29.0-10-g45618ea6d2 (webtiles) character file.

Game seed: 1693031251795911046

9507 robertstho the Grappler (level 11, -3/58 HPs)
             Began as a Vine Stalker Berserker on Sept 1, 2022.
             Was a High Priest of Trog.
             Slain by a two-headed ogre
             ... wielding a +0 giant spiked club
              (20 damage)
             ... on level 11 of the Dungeon.
             The game lasted 00:09:54 (10113 turns).

robertstho the Grappler (Vine Stalker Berserker)   Turns: 10113, Time: 00:09:55

Health: -3/58      AC: 21    Str: 29    XL:     11   Next: 47%
Magic:  0/12       EV:  6    Int:  7    God:    Trog [*****.]
Gold:   358        SH:  0    Dex: 15    Spells: 10/10 levels left

rFire   . . .      SeeInvis +     - Unarmed
rCold   . . .      Faith    .   (no shield)
rNeg    . . .      Spirit   +   g - +0 crystal plate armour
rPois   .          Reflect  .   i - +2 hat
rElec   .          Harm     .   f - +0 cloak
rCorr   .          Rampage  .   (no gloves)
Will    +....                   (no boots)
Stlth   ..........              (no amulet)
HPRegen 0.99/turn               d - ring of see invisible
MPRegen 0.13/turn               C - +6 ring of strength

@: on berserk cooldown, slowed, very slow
A: fangs 3, regeneration 1, magic shield, antimagic bite, no potion heal 2
a: Renounce Religion, Berserk, Trog's Hand, Brothers in Arms


You were on level 11 of the Dungeon.
You worshipped Trog.
Trog was extremely pleased with you.
You visited 1 branch of the dungeon, and saw 11 of its levels.

You collected 490 gold pieces.
You spent 132 gold pieces at shops.

Inventory:

Missiles
 E - 2 throwing nets (quivered)
Armour
 f - a +0 cloak (worn)
 g - a +0 crystal plate armour (worn)
 i - a +2 hat (worn)
Jewellery
 d - a ring of see invisible (left hand)
 o - a ring of resist corrosion
 C - a +6 ring of strength (right hand)
Wands
 c - a wand of roots (13)
 u - a wand of digging (9)
 B - a wand of flame (21)
Scrolls
 h - a scroll of blinking
 p - a scroll of enchant weapon
 s - a scroll of teleportation
 t - 2 scrolls of magic mapping {unknown}
 v - 2 scrolls of butterflies {unknown}
 w - 3 scrolls of noise {unknown}
 y - a scroll of fear {unknown}
 A - 3 scrolls of immolation
 D - 3 scrolls of enchant armour {unknown}
 F - 5 scrolls of identify
Potions
 a - 4 potions of heal wounds {unknown}
 b - a potion of invisibility {unknown}
 e - 2 potions of attraction {unknown}
 j - 3 potions of lignification {unknown}
 k - 3 potions of resistance {unknown}
 l - 2 potions of haste {unknown}
 m - 2 potions of curing {unknown}
 n - 5 potions of brilliance {unknown}
 q - a potion of berserk rage {unknown}
 r - 2 potions of degeneration {unknown}
 x - a potion of cancellation {unknown}
 z - a potion of might


   Skills:
 * Level 7.2 Fighting
 + Level 6.8 Armour
 + Level 2.7 Dodging
 * Level 10.1 Stealth
 + Level 11.8 Unarmed Combat


You had 10 spell levels left.
You didn't know any spells.
Your spell library was empty.

Dungeon Overview and Level Annotations

Branches:
Dungeon (11/15)            Temple (0/1) D:4
   Lair: D:8-11         Orc: D:9-12

Altars:
Fedhas
Gozag
Hepliaklqana
Kikubaaqudgha
Nemelex Xobeh
Okawaru
Qazlal
Sif Muna
Vehumet
Yredelemnul
Zin

Shops:
D:5 (   D:8 *


Innate Abilities, Weirdness & Mutations

You have razor-sharp teeth.
Your natural rate of healing is unusually fast.
When hurt, damage is shared between your health and your magic reserves.
Your bite disrupts and absorbs the magic of your enemies.
Potions cannot restore your health.


Message History

An orc comes into view. It is wielding a +0 short sword.
The orc shouts!
Things that are here:
a +1 dagger of draining; a +0 ring mail; an orc corpse You feel a strong urge to attack something.
The orc wizard hits you but does no damage.
You closely miss the orc wizard. You punch the orc wizard!
The orc wizard is almost dead.
You barely miss the orc wizard. Your bite misses the orc wizard.
The orc wizard is almost dead.
The orc wizard barely misses you.
You punch the orc wizard!
You kill the orc wizard!
Trog accepts your kill.
Trog appreciates your killing of a magic user.
Found an escape hatch in the floor.
The two-headed ogre hits you but does no damage. x2
Things that are here:
a +0 dagger; a +0 robe; an orc corpse You hit the two-headed ogre.
You bite the two-headed ogre! You drain its power.
You feel invigorated.
The two-headed ogre is moderately wounded.
You are no longer berserk.
You are exhausted.
You feel yourself slow down.
You punch the two-headed ogre! You bite the two-headed ogre.
You drain its power.
The two-headed ogre is heavily wounded.
The two-headed ogre hits you with a +0 giant spiked club!!
The two-headed ogre hits you with a +0 giant spiked club!
* * * LOW HITPOINT WARNING * * *
The orc barely misses you.
Blink to where?
Press: ? - help, Dir - move target
As you read the scroll of blinking, it crumbles to dust.
The orc hits you but does no damage.
There is a stone staircase leading up here.
The two-headed ogre barely misses you.
The two-headed ogre hits you with a +0 giant spiked club!!
You die...

..................
..(................
...................
...................
............./.....
...............<...
...........).....|.
........o.......P..
.......@O..)†.....P
............†P..PPP
................P.P
................PPP
...............PP..
.............PP.P.P
.................P.
..............PP...
............PP..


You could see a two-headed ogre and an orc.

Vanquished Creatures
  A two-headed ogre (D:9)
  2 unseen horror zombies (D:9)
  2 kobold demonologists (D:10)
  A komodo dragon (D:11)
  A troll (D:10)
  A hornet (D:8)
  A wyvern (D:10)
  Eustachio (D:4)
  17 yaks
  2 water moccasins
  3 orc warriors
  A sky beast (D:8)
  A hornet zombie (D:6)
  An ice beast (D:5)
  2 black bears
  4 ogres
  3 centaurs
  2 necrophages
  4 bullfrogs
  5 scorpions
  3 wyvern zombies
  12 wights
  A water moccasin zombie (D:6)
  5 howler monkeys
  5 centaur zombies
  5 jellies
  7 orc priests
  A human zombie (D:9)
  A gnoll bouda (D:9)
  6 hounds
  An iguana (D:4)
  6 orc wizards
  A killer bee zombie (D:6)
  A mummy (D:9)
  2 howler monkey zombies
  11 adders
  5 gnolls
  A shadow imp (D:8)
  3 white imps
  5 worms
  2 dart slugs
  31 orcs
  6 endoplasms
  2 giant cockroaches
  5 goblins
  10 hobgoblins
  8 jackals
  5 quokkas
  5 ball pythons
  8 bats
  4 frilled lizards
  6 kobolds
  A rat (D:2)
230 creatures vanquished.

Vanquished Creatures (others)
  2 fungi (D:11)
  A plant (D:11)
3 creatures vanquished.

Grand Total: 233 creatures vanquished

Notes
Turn   | Place    | Note
-------+----------+-------------------------------------------
     0 | D:1      | robertstho the Vine Stalker Berserker began the quest for
                  | the Orb.
     0 | D:1      | Reached XP level 1. HP: 11/11 MP: 2/2
   196 | D:1      | Reached XP level 2. HP: 14/16 MP: 3/3
   623 | D:1      | Reached skill level 1 in Stealth
   646 | D:1      | Reached XP level 3. HP: 12/20 MP: 0/4
   649 | D:1      | Reached ** piety under Trog
  1203 | D:1      | Found a faded altar of an unknown god.
  2290 | D:2      | Gained mutation: Your natural rate of healing is unusually
                  | fast. [Vine Stalker growth]
  2290 | D:2      | Reached XP level 4. HP: 23/24 MP: 5/5
  2852 | D:3      | Reached skill level 4 in Unarmed Combat
  2858 | D:3      | Reached XP level 5. HP: 27/28 MP: 4/6
  3420 | D:4      | Noticed Eustachio
  3425 | D:4      | You fall into a shaft and drop 3 floors!
  3429 | D:7      | Noticed an ogre
  3439 | D:7      | Killed an ogre
  3440 | D:7      | Reached XP level 6. HP: 32/32 MP: 7/7
  3539 | D:7      | Reached skill level 5 in Unarmed Combat
  3604 | D:7      | Noticed a yak
  3604 | D:7      | Noticed a yak
  3607 | D:7      | Noticed a yak
  3614 | D:6      | Noticed a water moccasin
  3623 | D:6      | Killed a water moccasin
  3624 | D:6      | Reached XP level 7. HP: 37/37 MP: 8/8
  3768 | D:5      | Entered Level 5 of the Dungeon
  3845 | D:5      | Found a glowing silver altar of Zin.
  3906 | D:5      | Found Gaanaush's Weapon Emporium.
  3952 | D:5      | Found a sparkling altar of Nemelex Xobeh.
  3953 | D:5      | Found an opulent altar of Gozag.
  4009 | D:5      | Reached skill level 5 in Stealth
  4038 | D:5      | Reached *** piety under Trog
  4112 | D:5      | Reached skill level 6 in Unarmed Combat
  4115 | D:5      | Gained mutation: You have razor-sharp teeth. [Vine Stalker
                  | growth]
  4115 | D:5      | Reached XP level 8. HP: 11/42 MP: 2/9
  4212 | D:5      | Found an iron altar of Okawaru.
  4502 | D:5      | Found a shimmering blue altar of Sif Muna.
  4725 | D:4      | Found a stormy altar of Qazlal.
  4763 | D:4      | Killed Eustachio
  4764 | D:4      | Reached skill level 7 in Unarmed Combat
  4857 | D:4      | Found a staircase to the Ecumenical Temple.
  5136 | D:4      | Reached skill level 5 in Fighting
  5441 | D:6      | Reached XP level 9. HP: 47/47 MP: 10/10
  5540 | D:6      | Found a basalt altar of Yredelemnul.
  5567 | D:6      | Reached skill level 8 in Unarmed Combat
  6642 | D:7      | Reached skill level 9 in Unarmed Combat
  6644 | D:7      | Reached **** piety under Trog
  7293 | D:8      | Found a radiant altar of Vehumet.
  7339 | D:8      | Reached skill level 5 in Armour
  7339 | D:8      | Reached XP level 10. HP: 44/53 MP: 8/11
  7650 | D:8      | Found Suthok's Assorted Antiques.
  7670 | D:8      | Bought a scroll of identify for 44 gold pieces
  7670 | D:8      | Bought a scroll labelled BOLOCE VEXA for 22 gold pieces
  7670 | D:8      | Bought a scroll labelled BOLOCE VEXA for 22 gold pieces
  7670 | D:8      | Bought a scroll labelled NONI FORYTOUR for 22 gold pieces
  7670 | D:8      | Bought a scroll labelled NONI FORYTOUR for 22 gold pieces
  7790 | D:8      | Found a blossoming altar of Fedhas.
  7800 | D:8      | Found a hazy altar of Hepliaklqana.
  8109 | D:9      | Noticed a two-headed ogre
  8125 | D:9      | Killed a two-headed ogre
  8126 | D:9      | Reached skill level 10 in Unarmed Combat
  8133 | D:9      | HP: 1/79 [orc warrior/+0 trident (9)]
  8432 | D:9      | Reached ***** piety under Trog
  8709 | D:9      | Found an ancient bone altar of Kikubaaqudgha.
  9331 | D:10     | Entered Level 10 of the Dungeon
  9459 | D:10     | Noticed a kobold demonologist
  9471 | D:10     | Killed a kobold demonologist
  9472 | D:10     | Reached skill level 11 in Unarmed Combat
  9472 | D:10     | Reached XP level 11. HP: 58/58 MP: 12/12
  9902 | D:10     | Reached skill level 10 in Stealth
 10100 | D:11     | Noticed a two-headed ogre
 10113 | D:11     | Slain by a two-headed ogre

Illustrated notes

Levels and vault maps discovered:
D:1:      ncdulo_halloftheorcs, layout_basic, chequers_ecumenical_altar_island,
          hex_intersection, minmay_indecisive_spiral
D:2:      layout_loops_ring
D:3:      layout_basic
D:4:      layout_gridville, overflow_temple_1_default,
          minmay_temple_entry_statues, dreamdust_gnoll_farm, uniq_eustachio
D:5:      layout_loops_ring, grunt_temple_overflow_opulence, led_sif_pool,
          zin_statuary, okawaru_ov_weapons_minmay, serial_shops,
          nicolae_shop_behind_doors
D:6:      layout_layer_cave, nicolae_yredelemnul_corpse_copse
D:7:      layout_basic
D:8:      layout_basic, kennysheep_mini, grunt_temple_overflow_open,
          serial_shops, nicolae_shop_statue_plus, serial_glass, glass_columns_b,
          glass_columns_a
D:9:      layout_layer_cave, lemuel_mausoleum_altar_kikubaaqudgha
D:10:     nicolae_cairo_tiling_large, layout_layer_cave
D:11:     layout_basic, due_lair_maze_entry_diamond, orc_0_dummy,
          minmay_misc_feat_rows

Skill      XL: |  1  2  3  4  5  6  7  8  9 10 11 |
---------------+----------------------------------+-----
Fighting       | 3 4 5 6 7 |  7.2
Stealth        | 1 2 3 4 5 6 8 9 10 | 10.1
Dodging        | 2 |  2.7
Unarmed Combat | 4 5 6 7 9 11 | 11.8
Armour         | 2 3 5 6 |  6.8

Action                   |  1- 3 |  4- 6 |  7- 9 | 10-12 || total
-------------------------+-------+-------+-------+-------++-------
Melee: Unarmed           |   123 |   117 |   320 |   256 ||   816
       Bite              |    23 |    34 |    93 |   104 ||   254
       Punch             |     8 |     2 |     7 |    16 ||    33
Invok: Berserk           |     2 |     4 |     2 |     5 ||    13
  Use: Scroll            |       |     5 |     2 |     2 ||     9
 Stab: Sleeping          |     7 |     4 |       |       ||    11
       Distracted        |       |       |     1 |       ||     1
Armor: Animal skin       |    35 |    24 |       |       ||    59
       Chain mail        |       |    13 |       |       ||    13
       Crystal plate arm |       |     2 |   226 |   195 ||   423
Dodge: Dodged            |    75 |    55 |    52 |    57 ||   239
